 Dungeon Crawl Stone Soup version 0.22-a0-521-gb1378044ac (webtiles) character file.

25 Oravi the Conjurer (level 2, 0/20 HPs)
             Began as a Draconian Conjurer on June 20, 2018.
             Killed from afar by a white imp (9 damage)
             ... with a puff of frost
             ... summoned by Natasha
             ... on level 2 of the Dungeon.
             The game lasted 00:02:50 (1457 turns).

Oravi the Conjurer (Draconian Conjurer)             Turns: 1457, Time: 00:02:51

Health: 0/20       AC:  4    Str: 10    XL:     2   Next: 82%
Magic:  0/5        EV: 12    Int: 15    God:
Gold:   45         SH:  0    Dex: 11    Spells: 3/6 levels left

rFire    . . .     SeeInvis .   (no weapon)
rCold    . . .     Gourm    .   (no shield)
rNeg     . . .     Faith    .   (armour unavailable)
rPois    .         Spirit   .   (helmet restricted)
rElec    .         Reflect  .   (no cloak)
rCorr    .         Harm     .   (no gloves)
MR       .....                  (no boots)
Stlth    +.........             c - amulet of inaccuracy (curse)
HPRegen  0.06/turn              d - ring of loudness (curse)
MPRegen  0.09/turn              (no ring)

@: slowed, very slow
A: unfitting armour, cold-blooded, AC +4
a: no special abilities


You were on level 2 of the Dungeon.
You were near starving.

You visited 1 branch of the dungeon, and saw 2 of its levels.

You collected 45 gold pieces.

Inventory:

Missiles
 a - 28 stones (quivered)
Jewellery
 c - a cursed amulet of inaccuracy (around neck)
 d - a cursed ring of loudness (left hand)
Scrolls
 e - a scroll of amnesia
 g - a scroll of teleportation
Potions
 f - a potion of brilliance
Comestibles
 b - 2 rations


   Skills:
 - Level 1.7 Dodging
 - Level 1.7 Stealth
 + Level 2.6 Spellcasting
 + Level 4.4 Conjurations


You had 3 spell levels left.
You knew the following spells:

 Your Spells              Type           Power        Failure   Level  Hunger
a - Magic Dart            Conj           ###.         3%          1    #......
b - Searing Ray           Conj           ###...       4%          2    ##.....

Your spell library contained the following spells:

 Spells                   Type           Power        Failure   Level  Hunger
 Iskenderun's Mystic Bla  Conj           ###.....     32%         4    #####..
 Fulminant Prism          Conj/Hex       #.........   63%         4    #####..
 Dazzling Spray           Conj/Hex       #.....       26%         3    ###....
 Force Lance              Conj/Tloc      #.......     63%         4    #####..


Dungeon Overview and Level Annotations

Branches:
Dungeon (2/15)

Altars:

Annotations:
D:2 Natasha


Innate Abilities, Weirdness & Mutations

Your plain brown scales are hard. (AC +4)
You cannot fit into any form of body armour.
You are cold-blooded and may be slowed by cold attacks.


Message History

The white imp gestures at you. The puff of frost hits you!
Casting: Magic Dart (safe; 3% risk of failure)
Confirm with . or Enter, or press ? or * to list all spells.
Aiming: Magic Dart (safe; 3% risk of failure)
Press: ? - help, Shift-Dir - straight line, f/p - Natasha
Aim: Natasha (moderately wounded)
The magic dart hits Natasha.
Natasha is moderately wounded.
Natasha extends her claws.
Casting: Magic Dart (safe; 3% risk of failure)
Confirm with . or Enter, or press ? or * to list all spells.
Aiming: Magic Dart (safe; 3% risk of failure)
Press: ? - help, Shift-Dir - straight line, f/p - Natasha
Aim: Natasha (moderately wounded)
The magic dart hits Natasha.
Natasha is heavily wounded.
The white imp gestures at you. The puff of frost hits you!
You die...

..############# #..
#.. #.. ######### #..
....h..@##### #..
....5......># #..
.##.###.###.# #..
#...##.###.# #..
........#.# #..
....###.#.## #.. . ..
#....# #.. .#.###.#..#
#..
###.....#..#########..


You could see Natasha and a white imp.

Vanquished Creatures
  A dart slug (D:1)
  4 goblins
  4 hobgoblins
  3 jackals (D:1)
  3 bats
  A frilled lizard (D:1)
  3 kobolds (D:1)
  A rat (D:1)
20 creatures vanquished.

Notes
Turn   | Place    | Note
-------+----------+-------------------------------------------
     0 | D:1      | Oravi the Draconian Conjurer began the quest for the Orb.
     0 | D:1      | Reached XP level 1. HP: 14/14 MP: 3/3
   565 | D:1      | Reached XP level 2. HP: 18/20 MP: 0/5
   569 | D:1      | Learned a level 2 spell: Searing Ray
  1452 | D:2      | Noticed Natasha
  1457 | D:2      | Killed from afar by a white imp

Vault maps used:
D:1:      minmay_arrival_widening_spiral_narrow, st_stairs_5, minivault_25
D:2:      uniq_natasha

Action                   || total
-------------------------++-------
Melee: Unarmed           ||     9
       Tailslap          ||     2
Throw: Stone             ||     1
 Cast: Magic Dart        ||    39
  Use: Scroll            ||     4
Armor: Skin              ||     1
Dodge: Dodged            ||     7

Table legend:
 A = Spawn XP
 B = Non-spawn XP
 C = Spawn XP percentage of total XP
 D = Spawn monster count
 E = Non-spawn monster count
 F = Spawn count percentage of total count
 G = Total turns spent on level
                    A         B        C        D         E        F      G
               +---------+---------+-------+---------+---------+-------+---------
         Total |       0 |      36 |   0.0 |       0 |      20 |   0.0 |  1457
               +---------+---------+-------+---------+---------+-------+---------
           D:1 |       0 |      28 |   0.0 |       0 |      16 |   0.0 |  1243
           D:2 |       0 |       8 |   0.0 |       0 |       4 |   0.0 |   214
               +---------+---------+-------+---------+---------+-------+---------
